 Dungeon Crawl Stone Soup version 0.21-a0-504-g2eda33064f (webtiles) character file.

65 JackS81 the Caller (level 4, -2/24 HPs)
             Began as a Kobold Summoner on Nov 25, 2017.
             Slain by a gnoll
             ... wielding a +0 whip
              (4 damage)
             ... on level 3 of the Dungeon.
             The game lasted 00:11:15 (1815 turns).

JackS81 the Caller (Kobold Summoner)                Turns: 1815, Time: 00:11:16

Health: -2/24      AC:  2    Str:  3 (5)  XL:     4   Next: 35%
Magic:  1/7        EV: 15    Int: 15 (17) God:
Gold:   113        SH:  0    Dex: 12 (15) Spells: 4/7 levels left

rFire    . . .     SeeInvis .   d - +0 dagger
rCold    . . .     Gourm    .   (shield restricted)
rNeg     . . .     Faith    .   a - +0 robe
rPois    .         Spirit   .   (no helmet)
rElec    .         Reflect  .   (no cloak)
rCorr    .         Harm     .   (no gloves)
MR       .....                  (no boots)
Stlth    +.........             (no amulet)
HPRegen  0.08/turn              l - ring of loudness (curse)
MPRegen  0.10/turn              (no ring)

@: no status effects
A: small, carnivore 3
a: no special abilities


You were on level 3 of the Dungeon.
You were very full.

You visited 1 branch of the dungeon, and saw 3 of its levels.

You collected 113 gold pieces.

Inventory:

Hand Weapons
 d - a +0 dagger (weapon)
 j - a +0 whip of holy wrath
Missiles
 k - 56 bolts
Armour
 a - a +0 robe (worn)
Jewellery
 l - a cursed ring of loudness (left hand)
Scrolls
 e - a scroll of amnesia {unknown}
Potions
 f - a potion of degeneration
 i - 2 potions of agility {unknown}
Books
 b - a book of Callings

   Spells                             Type                      Level
   a - Summon Small Mammal            Summoning                    1
   b - Call Imp                       Summoning                    2
   c - Call Canine Familiar           Summoning                    3
   d - Summon Guardian Golem          Hexes/Summoning              3
   e - Summon Lightning Spire         Summoning/Air                4
   f - Summon Ice Beast               Ice/Summoning                4
Comestibles
 c - 3 meat rations
 g - 2 royal jellies


   Skills:
 - Level 0.1 Short Blades
 - Level 2.4 Dodging
 + Level 3.1 Stealth
 - Level 2.1 Spellcasting
 * Level 5.4 Summonings


You had 4 spell levels left.
You knew the following spells:

 Your Spells              Type           Power        Failure   Level  Hunger
a - Summon Small Mammal   Summ           ###.         2%          1    #......
b - Call Imp              Summ           ###.....     3%          2    ###....


Dungeon Overview and Level Annotations

Branches:
Dungeon (3/15)

Altars:


Innate Abilities, Weirdness & Mutations

You are small and have problems with some larger weapons.
You are carnivorous and can eat meat at any time.


Message History

g - Guard the area. f - Follow me.
Anything else - Cancel.
Gang up on whom?
Press: ? - help, Dir - move target cursor, f - gnoll
Aim: a gnoll, wielding a whip Attack!
Your crimson imp blinks!
Casting: Call Imp
Confirm with . or Enter, or press ? or * to list all spells.
The gnoll hits you but does no damage.
Your crimson imp blinks! x2
Your rat bites the gnoll.
Your crimson imp blinks!
The gnoll hits you with a whip!
* * * LOW HITPOINT WARNING * * *
Your rat bites the gnoll.
You hit the gnoll but do no damage.
The gnoll is moderately wounded.
The gnoll hits you with a whip.
You die...

### ######## ##.##
###......####.#.########
#.. #........###...[...#
#.....##.####.#.######.#
#.5.####@# ##.## #.#
####....rg.# ### #.#
#....§..#### #.#
#.##.##†# ####.## # #)#
#...... .§# #.##.## ...
#.##.## .... #<##.##
.... #.##.##


You could see a gnoll and a friendly rat.

Vanquished Creatures
  A dart slug (D:3)
  2 giant cockroaches
  5 goblins
  3 kobolds
  A bat (D:1)
  2 rats (D:1)
14 creatures vanquished.

Vanquished Creatures (collateral kills)
  Robin (D:2)
  2 gnolls (D:3)
  An adder (D:2)
  An ooze (D:3)
  A worm (D:2)
  2 leopard geckos (D:2)
  A giant cockroach (D:1)
  9 goblins
  9 hobgoblins
  A kobold (D:1)
  A quokka (D:2)
  5 bats
  A frilled lizard (D:2)
  3 rats
38 creatures vanquished.

Grand Total: 52 creatures vanquished

Notes
Turn   | Place    | Note
-------+----------+-------------------------------------------
     0 | D:1      | JackS81 the Kobold Summoner began the quest for the Orb.
     0 | D:1      | Reached XP level 1. HP: 10/10 MP: 3/3
   283 | D:1      | Reached XP level 2. HP: 15/15 MP: 1/5
   829 | D:2      | Learned a level 2 spell: Call Imp
   847 | D:2      | Reached XP level 3. HP: 19/19 MP: 3/6
  1100 | D:2      | Noticed Robin
  1106 | D:2      | Reached skill level 5 in Summonings
  1152 | D:2      | Killed Robin
  1439 | D:2      | Reached XP level 4. HP: 24/24 MP: 5/7
  1815 | D:3      | Slain by a gnoll

Vault maps used:
D:1:      lightli_arrival_lavapool
D:2:      uniq_robin
D:3:      minmay_cupped, uniq_sigmund

Skill      XL: |  1  2  3 |
---------------+----------+-----
Summonings     | 5 |  5.4
Stealth        | 3 |  3.1
Short Blades   | |  0.1
Dodging        | |  2.4
Spellcasting   | |  2.1

Action                   |  1- 3 |  4- 6 || total
-------------------------+-------+-------++-------
Melee: Dagger            |    55 |    11 ||    66
 Cast: Summon Small Mamm |    40 |     7 ||    47
       Call Imp          |     7 |     5 ||    12
  Use: Potion            |     2 |       ||     2
       Scroll            |       |     3 ||     3
 Stab: Sleeping          |     5 |       ||     5
  Eat: Chunk             |    11 |       ||    11
Armor: Robe              |     8 |     1 ||     9
Dodge: Dodged            |    62 |     7 ||    69

Table legend:
 A = Spawn XP
 B = Non-spawn XP
 C = Spawn XP percentage of total XP
 D = Spawn monster count
 E = Non-spawn monster count
 F = Spawn count percentage of total count
 G = Total turns spent on level
                    A         B        C        D         E        F      G
               +---------+---------+-------+---------+---------+-------+---------
         Total |       0 |      94 |   0.0 |       0 |      52 |   0.0 |  1815
               +---------+---------+-------+---------+---------+-------+---------
           D:1 |       0 |      23 |   0.0 |       0 |      18 |   0.0 |   798
           D:2 |       0 |      48 |   0.0 |       0 |      28 |   0.0 |   883
           D:3 |       0 |      23 |   0.0 |       0 |       6 |   0.0 |   134
               +---------+---------+-------+---------+---------+-------+---------
